Fleur, neutral female sylph Wizard G ... .@. ... G G G h Fleur the Conjurer Experience level: 5 Strength: 8 Dexterity: 9 Constitution: 10 Intelligence: 19 Wisdom: 20 Charisma: 9 Health: 37(37) Energy: 55(55) Def: 1 Gold: 2 Moves: 1090 Dungeon seed: KJjwNzDo5xLd-fWn Game ID: Fleur_1476777934 Your Inventory: Coins $ - 2 gold pieces Weapons a - a blessed +1 quarterstaff (alternate weapon; not wielded) j - 3 corroded +0 daggers (wielded) Armor e - an uncursed +0 cloak of magic resistance (being worn) Scrolls i - an uncursed scroll of light k - a cursed scroll of identify p - an uncursed scroll of punishment Spellbooks b - a blessed spellbook of force bolt c - a blessed spellbook of wizard lock h - an uncursed spellbook of blank paper Potions f - an uncursed potion of gain energy g - a blessed potion of healing l - an uncursed potion of polymorph m - a blessed potion of restore ability s - an uncursed potion of monster detection Wands d - a wand of nothing (0:6) Gems n - 2 uncursed aquamarines q - an uncursed worthless piece of red glass r - an uncursed worthless piece of blue glass t - an uncursed turquoise y - an uncursed agate z - an uncursed obsidian N - an uncursed fluorite Y - an uncursed amethyst Spells and supernatural/magical abilities: Name Level Category Fail Memory a - force bolt 1 attack 0% 95% w - wizard lock 2 matter 47% 95% W - pray for help -- divine ? -- Your skills at the end: Miscellaneous Skills wands [Basic] stealth [Basic] Weapon Skills dagger [Basic] quarterstaff [Basic] Spellcasting Skills attack spells [Basic] enchantment spells [Basic] Final Attributes: You were devoutly aligned. You were magic-protected. You saw invisible. You had infravision. You were very stealthy. You were protected from shape changers. You were unlucky. You survived. Vanquished creatures: a bugbear 4 gnome lords a gnomish wizard a puppy 3 dwarves 2 hill orcs a jitterbug 2 coyotes a hobbit a large kobold a cave spider a green mold a red mold 9 gnomes a jackal 2 newts a goblin 2 sewer rats a bat 36 creatures vanquished. Voluntary challenges: You went without food. You did not adorn yourself with jewelry or accessories. You did not cause conflict. You were not invisible. You did not have reflection. You were not displaced. You used a wielded weapon 27 times, starting on turn 92. You did not apply a unicorn horn. You did not use plumbed fixtures. You did not drink any magical draughts. You were illiterate. You never genocided any monsters. You never polymorphed an object. You never changed form. You used no wishes. You never split a pudding. You never wrote Elbereth's name. You violated your moral code, losing 1 point of alignment, starting on turn 1019. Dungeon overview: The Dungeons of Doom: levels 1 to 2 Level 1 a fountain, a sink a long staircase Level 2 stairs to The Gnomish Mines The Gnomish Mines: levels 3 to 5 Level 3 stairs to The Dungeons of Doom Level 4 Level 5 <- You were here History has recorded: On T:1 you entered the Dungeons of Doom to retrieve the Amulet of Yendor! On T:168 you reached level 2 of The Dungeons of Doom. On T:319 you reached level 1 of The Gnomish Mines. On T:339 you reached level 2 of The Gnomish Mines. On T:356 you advanced to experience level 2. On T:436 you advanced to experience level 3. On T:454 you advanced to experience level 4. On T:703 you prayed to Thoth. On T:838 you advanced to experience level 5. On T:1089 you reached level 3 of The Gnomish Mines. Score breakdown: Gold: 2 ( 0 points) Experience: 5 levels ( 400 points) Exploration: 5 levels ( 120 points) Discoveries: 3 items ( 150 points) Variety of kills: 19 monsters ( 950 points) Major goal: (nothing yet) ( 0 points) Survival: quit (score multiplied by 3) Total score: 4860 Latest messages: You are now most skilled in dagger. You feel you could be more dangerous! You stab the green mold. Your daggers corrode! The kitten misses the green mold. You stab the green mold. The kitten bites the green mold. The green mold is killed! The kitten is splashed by something's acid! The hill orc wields a cursed bow! The bow grows roots right in to the hill orc's hand! The spell hits the hill orc! You kill the hill orc! The spell hits the gnome! The gnome resists! You kill the gnome! You hesitate for a moment, bothered by your conscience. You stop. Your kitten is in the way! You displace your kitten. There are several objects here. You displace your kitten. You stop. Your kitten is in the way! Final status: Goodbye Fleur the Wizard, committed trickery... You were tricked in The Gnomish Mines on dungeon level 5 with 4860 points, and 2 pieces of gold, after 1090 moves. You were level 5 with a maximum of 37 hit points when you were tricked.